 Dungeon Crawl Stone Soup version 0.27-a0-1191-g601b473118 (webtiles) character file.

Game seed: 18206646502939794542

2865 rjrrt the Cleaver (level 9, -5/117 HPs)
             Began as a Minotaur Berserker on May 24, 2021.
             Was a Priest of Trog.
             Shot with an arrow by a centaur (8 damage)
             ... on level 8 of the Dungeon.
             The game lasted 00:11:32 (6516 turns).

rjrrt the Cleaver (Minotaur Berserker)              Turns: 6516, Time: 00:11:33

Health: -5/117     AC: 11    Str: 25    XL:     9   Next: 47%
Magic:  8/8        EV: 10    Int:  6    God:    Trog [***...]
Gold:   496        SH:  0    Dex: 10    Spells: 8/8 levels left

rFire    . . .     SeeInvis +   a - +0 war axe (vorpal)
rCold    . . .     Faith    .   (no shield)
rNeg     . . .     Spirit   .   m - +0 chain mail
rPois    .         Reflect  .   s - +3 crown of Dyrovepreva {rElec Int+2 SInv}
rElec    +         Harm     .   j - +0 cloak
rCorr    .         Rampage  .   l - +0 pair of gloves
Will     .....                  (no boots)
Stlth    ..........             (no amulet)
HPRegen  0.29/turn              (no ring)
MPRegen  0.11/turn              (no ring)

@: berserking (expiring), corroded, very quick
A: horns 2, retaliatory headbutt
a: Renounce Religion, Berserk, Trog's Hand


You were on level 8 of the Dungeon.
You worshipped Trog.
Trog was most pleased with you.
You visited 1 branch of the dungeon, and saw 9 of its levels.

You collected 951 gold pieces.
You spent 455 gold pieces at shops.

Inventory:

Hand Weapons
 a - a +0 vorpal war axe (weapon)
 b - a +3 halberd
Missiles
 f - 4 atropa-tipped darts
 g - 38 poisoned darts (quivered)
Armour
 j - a +0 cloak (worn)
 l - a +0 pair of gloves (worn)
 m - a +0 chain mail (worn)
 s - the +3 crown of Dyrovepreva (worn) {rElec Int+2 SInv}
   (You bought it in a shop on level 5 of the Dungeon)

   It affects your intelligence (+2).
   It insulates you from electricity.
   It lets you see invisible.
Wands
 h - a wand of charming (7)
 q - a wand of paralysis (9)
 r - a wand of flame (26)
Scrolls
 c - 9 scrolls of identify
 d - a scroll of teleportation
 e - a scroll of magic mapping
 n - a scroll of brand weapon
Potions
 i - 2 potions of attraction
 k - a potion of flight
 o - a potion of invisibility
 p - a potion of curing {unknown}


   Skills:
 + Level 6.5 Fighting
 * Level 12.1 Axes
 + Level 5.9 Armour
 + Level 5.2 Dodging
 + Level 3.0 Evocations


You had 8 spell levels left.
You didn't know any spells.
Your spell library was empty.

Dungeon Overview and Level Annotations

Branches:
Dungeon (9/15)             Temple (0/1) D:5
   Lair: D:8-11         Orc: D:9-12

Altars:
Dithmenos
Makhleb
Okawaru
Qazlal
Trog
Yredelemnul
The Shining One

Shops:
D:5 [


Innate Abilities, Weirdness & Mutations

You have a pair of horns on your head.
You reflexively headbutt those who attack you in melee.


Message History

The two-headed ogre barely misses you.
The two-headed ogre hits you with a +0 giant spiked club.
* * * LOW HITPOINT WARNING * * *
Things that are here:
+0 acid dragon scales; an acid dragon corpse Unknown command.
You slash the two-headed ogre!
You kill the two-headed ogre!
Trog accepts your kill.
You closely miss the orc. You closely miss the orc wizard.
The centaur shoots an arrow.
The arrow barely misses you. The orc wizard closely misses you.
Your Axes skill increases to level 12!
Your Dodging skill increases to level 5!
Your Evocations skill increases to level 3!
Unknown command.
You slash the orc!
You kill the orc!
Trog accepts your kill.
You hit the orc wizard.
The centaur shoots an arrow.
The arrow hits you!
* * * LOW HITPOINT WARNING * * *
Unknown command.
Unknown command.
Unknown command.
You are too berserk!
You closely miss the orc wizard.
The orc wizard is heavily wounded.
The orc wizard hits you but does no damage.
The centaur shoots an arrow.
The arrow closely misses you.
Unknown command.
You slice the orc wizard!!
You kill the orc wizard!
Trog accepts your kill.
Trog appreciates your killing of a magic user.
Unknown command.
You slice the orc!!
You kill the orc!
Trog accepts your kill.
The centaur shoots an arrow.
The arrow hits you!
You die...

###.###
#.....#
###.....## .
........
#.###..$..##
...........#
......#.#).#
#.?.>)@)#
#.##.##.#
#..##.#
#.###.# #o
#.# #. #.#
#o #.# #o
#c# #.#


You could see a centaur.

Vanquished Creatures
  A two-headed ogre (D:8)
  A wraith (D:7)
  2 acid dragons
  A sky beast (D:6)
  2 black bears
  4 ogres
  2 centaurs (D:7)
  2 phantoms
  2 scorpions
  5 killer bees (D:7)
  A centaur skeleton (D:5)
  3 orc priests
  3 hounds
  4 iguanas
  4 orc wizards
  A hound zombie (D:5)
  3 gnolls
  4 adders
  3 white imps (D:9)
  An ufetubus (D:5)
  An adder zombie (D:5)
  A worm (D:4)
  3 dart slugs
  14 orcs
  8 ball pythons
  12 endoplasms
  3 giant cockroaches (D:1)
  4 goblins
  9 hobgoblins
  7 jackals
  6 bats
  4 frilled lizards
  7 kobolds
  4 rats
132 creatures vanquished.

Vanquished Creatures (others)
  4 fungi (D:7)
  3 toadstools (D:7)
7 creatures vanquished.

Grand Total: 139 creatures vanquished

Notes
Turn   | Place    | Note
-------+----------+-------------------------------------------
     0 | D:1      | rjrrt the Minotaur Berserker began the quest for the Orb.
     0 | D:1      | Reached XP level 1. HP: 19/19 MP: 0/0
    33 | D:1      | Reached skill level 4 in Axes
   393 | D:1      | Reached XP level 2. HP: 26/26 MP: 1/1
   806 | D:1      | Reached skill level 5 in Axes
   914 | D:1      | Reached XP level 3. HP: 29/31 MP: 2/2
  1146 | D:2      | Reached ** piety under Trog
  1279 | D:2      | Noticed a phantom
  1290 | D:2      | Killed a phantom
  1291 | D:2      | Reached skill level 6 in Axes
  1291 | D:2      | Reached XP level 4. HP: 15/39 MP: 3/3
  1620 | D:3      | Found a faded altar of an unknown god.
  1864 | D:3      | Reached XP level 5. HP: 37/46 MP: 4/4
  1921 | D:3      | Found an iron altar of Okawaru.
  2616 | D:4      | Noticed a water elemental
  2625 | D:4      | Reached skill level 7 in Axes
  2650 | D:4      | Found a stormy altar of Qazlal.
  2658 | D:4      | Noticed a fire elemental
  2658 | D:4      | Noticed an air elemental
  2922 | D:4      | Reached XP level 6. HP: 38/52 MP: 5/5
  3472 | D:4      | Found a shadowy altar of Dithmenos.
  3901 | D:5      | Entered Level 5 of the Dungeon
  3916 | D:5      | Found a staircase to the Ecumenical Temple.
  3984 | D:5      | Reached skill level 8 in Axes
  3984 | D:5      | Reached XP level 7. HP: 39/60 MP: 6/6
  3990 | D:5      | Reached *** piety under Trog
  4348 | D:5      | Reached skill level 9 in Axes
  4558 | D:5      | Found a basalt altar of Yredelemnul.
  4718 | D:5      | Found Jooxeniph's Armour Shoppe.
  4815 | D:5      | Reached skill level 10 in Axes
  4957 | D:5      | Found a glowing golden altar of the Shining One.
  5167 | D:6      | Found a burning altar of Makhleb.
  5174 | D:6      | Reached XP level 8. HP: 65/67 MP: 7/7
  5389 | D:6      | Found a bloodstained altar of Trog.
  5424 | D:6      | Reached skill level 5 in Fighting
  5593 | D:6      | Reached skill level 11 in Axes
  5593 | D:6      | Reached skill level 1 in Evocations
  6155 | D:7      | Identified a scroll of acquirement
  6155 | D:7      | Acquired 634 gold pieces
  6235 | D:5      | Bought the +3 crown of Dyrovepreva {rElec Int+2 SInv} for
                  | 455 gold pieces
  6235 | D:5      | Found the +3 crown of Dyrovepreva {rElec Int+2 SInv}
  6395 | D:7      | Reached skill level 5 in Armour
  6413 | D:7      | Reached XP level 9. HP: 57/75 MP: 8/8
  6439 | D:7      | You fall into a shaft and drop 2 floors!
  6502 | D:8      | Noticed a two-headed ogre
  6512 | D:8      | Killed a two-headed ogre
  6513 | D:8      | Reached skill level 12 in Axes
  6513 | D:8      | Reached skill level 5 in Dodging
  6513 | D:8      | HP: 3/117 [centaur/arrow (7)]
  6516 | D:8      | Shot with an arrow by a centaur

Illustrated notes

Levels and vault maps discovered:
D:1:      scummos_arrival_simple_crosswalls, layout_basic,
          amcnicky_mini_rare_corridor_liquid, minmay_misc_feat_rows
D:2:      layout_rooms, minmay_tetromino_i2
D:3:      layout_basic, okawaru_altar_gauntlet_db,
          hellmonk_ecumenical_altar_leap_of_faith
D:4:      layout_basic, nicolae_qazlal_style_of_elements, kennysheep_little_box
D:5:      layout_basic, yredelemnul_altar_generic, tso_oasis_becter,
          minmay_temple_entry_drinking_statues, serial_shops,
          nicolae_shop_waterfront, st_stairs_2
D:6:      layout_cave_pools, lightli_temple_of_fire, makhleb_heckhound_becter,
          kennysheep_small_spiral
D:7:      layout_basic, xom_shifter_show, serial_shops, shop_scrolls,
          minivault_27, minmay_gold_behind_fungi
D:8:      layout_loops_ring, minmay_misc_feat_encased
D:9:      minmay_the_grid_triangle_9x9_rhombus_thin_mashed
          [minmay_the_grid_triangle_9x9_corrupted_corridor,
          minmay_the_grid_triangle_9x9_prize_special,
          minmay_the_grid_triangle_9x9_subtriangle,
          minmay_the_grid_triangle_9x9_wacky_v], layout_small_grid,
          lair_entry_dummy, serial_ice, serial_ice_d, serial_ice_i,
          serial_ice_e, serial_ice_a, serial_ice_f, serial_ice_n, uniq_grum

Skill      XL: |  1  2  3  4  5  6  7  8  9 |
---------------+----------------------------+-----
Axes           | 4 5 6 7 8 10 11 12 | 12.1
Fighting       | 4 5 6 |  6.5
Armour         | 3 5 |  5.9
Dodging        | 3 4 5 |  5.2
Evocations     | 2 3 |  3.0

Action                   |  1- 3 |  4- 6 |  7- 9 || total
-------------------------+-------+-------+-------++-------
Melee: Hand axe          |    72 |   136 |     8 ||   216
       Headbutt          |    12 |    24 |    22 ||    58
       War axe           |       |       |   129 ||   129
Throw: Dart              |       |       |     3 ||     3
Invok: Berserk           |     1 |     1 |     5 ||     7
       Trog's Hand       |       |       |     2 ||     2
  Use: Scroll            |       |       |    11 ||    11
 Stab: Distracted        |       |     1 |       ||     1
Armor: Leather armour    |    15 |    20 |       ||    35
       Chain mail        |       |    35 |    70 ||   105
Dodge: Dodged            |    39 |    51 |    73 ||   163

Table legend: (Time is in decaauts)
 A = Elapsed time spent in this place.
 B = Non-inter-level travel time spent in this place.
 C = Inter-level travel time spent in this place.
 D = Time resting spent in this place.
 E = Time spent auto-exploring this place.
 F = Levels seen in this place.
 G = Mean time per level.
                   A        B        C        D        E       F      G
               +--------+--------+--------+--------+--------+-----+--------+
         Total |   6574 |   6376 |    198 |    733 |   4429 |   9 |  730.4 |
       Dungeon |   6574 |   6376 |    198 |    733 |   4429 |   9 |  730.4 |
               +--------+--------+--------+--------+--------+-----+--------+

Top non-repeatable levels by time:
     D:4: 1332 daAuts
     D:5: 1324 daAuts
     D:1: 1079 daAuts
     D:3: 963 daAuts
     D:6: 841 daAuts
     D:2: 553 daAuts
     D:7: 408 daAuts
     D:9: 60 daAuts
     D:8: 11 daAuts
